 Dungeon Crawl Stone Soup version 0.22-a0-587-g7d32d7c7ae (webtiles) character file.

2891 Lucibear the Blocker (level 10, -2/77 HPs)
             Began as a Formicid Fighter on July 4, 2018.
             Was a Believer of Ashenzari.
             Slain by a cyan ugly thing (15 damage)
             ... on level 10 of the Dungeon.
             The game lasted 00:48:15 (7279 turns).

Lucibear the Blocker (Formicid Fighter)             Turns: 7279, Time: 00:48:15

Health: -2/77      AC: 12    Str: 22    XL:     10   Next: 5%
Magic:  10/10      EV:  8    Int: 10    God:    Ashenzari [**....]
Gold:   374        SH: 12    Dex: 10    Spells: 9/9 levels left

rFire    + . .     SeeInvis +   a - +1 glaive
rCold    . . .     Gourm    .   c - +0 shield
rNeg     . . .     Faith    .   r - +1 chain mail {rF+} (curse)
rPois    .         Spirit   .   (helmet unavailable)
rElec    .         Reflect  .   (no cloak)
rCorr    .         Harm     .   o - +0 pair of gloves
MR       +....                  (no boots)
Stlth    ..........             (no amulet)
HPRegen  0.22/turn              l - ring of flight (curse)
MPRegen  0.12/turn              t - +1 ring of slaying (curse)

@: no status effects
A: permanent stasis, dig shafts and tunnels, four strong arms, antennae 3
a: Dig, Shaft Self, Curse Item, Scrying, Renounce Religion, Evoke Flight


You were on level 10 of the Dungeon.
You worshipped Ashenzari.
Ashenzari was pleased with you.
You were hungry.

You visited 2 branches of the dungeon, and saw 11 of its levels.

You collected 374 gold pieces.

Inventory:

Hand Weapons
 a - a +1 glaive (weapon)
Missiles
 i - 267 stones
 u - 21 tomahawks
 C - 3 poisoned tomahawks (quivered)
Armour
 c - a +0 shield (worn)
 o - a +0 pair of gloves (worn)
 r - a cursed +1 chain mail of fire resistance (worn)
 x - a +0 chain mail of cold resistance
Jewellery
 j - an uncursed ring of magical power
 l - a cursed ring of flight (left hand)
 t - a cursed +1 ring of slaying (right hand)
Wands
 e - a wand of digging (30)
 w - a wand of flame (27)
Scrolls
 b - a scroll of identify
 m - a scroll of amnesia
 q - 2 scrolls of fog
Potions
 g - a potion of ambrosia
 h - a potion of agility
 n - 2 potions of flight
 s - a potion of mutation {unknown}
 A - a potion of magic {unknown}
Comestibles
 f - 10 rations


   Skills:
 + Level 6.7 Fighting
 * Level 7.9 Polearms
 + Level 6.7 Armour
 * Level 9.8 Shields


You had 9 spell levels left.
You didn't know any spells.
Your spell library contained the following spells:

 Spells                   Type           Power        Failure   Level  Hunger
 Fireball                 Conj/Fire      #.........   100%        5    ######.
 Conjure Flame            Conj/Fire      #.......     100%        3    ####...
 Throw Flame              Conj/Fire      #.....       98%         2    ###....
 Sticky Flame             Conj/Fire      #.......     100%        4    #####..
 Flame Tongue             Conj/Fire      #....        95%         1    ##.....
 Inner Flame              Hex/Fire       #.......     100%        3    ####...


Dungeon Overview and Level Annotations

Branches:
Dungeon (10/15)            Temple (1/1) D:6
   Lair: D:8-11         Orc: D:9-12

Altars:
Ashenzari
Dithmenos
Elyvilon
Fedhas
Gozag
Hepliaklqana
Kikubaaqudgha
Makhleb
Nemelex Xobeh
Okawaru
Qazlal
Ru
Sif Muna
Trog
Uskayaw
Vehumet
Wu Jian
Xom
Yredelemnul
Zin
The Shining One

Annotations:
D:3 exclusion: downstairs
D:5 1 transporter


Innate Abilities, Weirdness & Mutations

You cannot be hasted, slowed, berserked, paralysed or teleported.
You can dig through walls and to a lower floor.
Your four strong arms can wield two-handed weapons with a shield.
You have a pair of large antennae on your head. (SInv)


Message History

Aim: a bullfrog (almost dead)
You reach to attack!
You slice the bullfrog!!
You kill the bullfrog!
The cyan ugly thing pecks you. The cyan ugly thing shocks you!
The cyan ugly thing pecks you. The cyan ugly thing shocks you!
You block the cyan ugly thing's attack.
The cyan ugly thing pecks you but does no damage.
There is an escape hatch in the floor here.
The cyan ugly thing pecks you! The cyan ugly thing shocks you!
* * * LOW HITPOINT WARNING * * *
You slide downwards.
The hatch slams shut behind you.
A two-headed ogre comes into view.
Ashenzari warns you: It is wielding a great mace and a dire flail of draining.
The two-headed ogre shouts in stereo!
Found four items.
Found a stone staircase leading up.
You have a vision of a gate.
The cyan ugly thing pecks you.
* * * LOW HITPOINT WARNING * * *
The cyan ugly thing shocks you!
You die...

#..... .# *
##..... ..##. *
.......####.....
* *
*#..............
#..............
,
#....O...<.....
, *
#.../..........
, #...u.......
,, ,
#...@......., *
, #........... *
*,
,*#........).. *
*, #....!......
, **** ,
#...$....... , ,
............ , *
#############


You could see a cyan ugly thing and a two-headed ogre.

Vanquished Creatures
  A queen bee (D:9)
  Duvessa (D:4)
  An orc warrior (D:7)
  3 ice beasts
  An ogre (D:7)
  A centaur (D:7)
  2 big kobolds (D:7)
  A bullfrog (D:9)
  A scorpion (D:4)
  Dowan (D:4)
  3 killer bees
  2 howler monkeys
  2 centaur zombies
  4 crimson imps
  A quasit (D:6)
  2 hounds (D:7)
  2 jellies
  5 orc priests
  2 iguanas (D:4)
  Natasha (D:4)
  16 orc wizards
  4 worker ants
  2 worker ant zombies
  14 gnolls
  9 adders
  A howler monkey skeleton (D:4)
  2 shadow imps
  An ooze (D:1)
  4 dart slugs
  5 leopard geckos
  29 orcs
  A ball python (D:5)
  10 bats
  9 giant cockroaches
  6 hobgoblins
  6 jackals
  2 quokkas
  6 frilled lizards
  A giant cockroach zombie (D:5)
  11 goblins
  A jackal skeleton (D:6)
  12 kobolds
  2 quokka zombies (D:5)
  6 rats
197 creatures vanquished.

Notes
Turn   | Place    | Note
-------+----------+-------------------------------------------
     0 | D:1      | Lucibear the Formicid Fighter began the quest for the Orb.
     0 | D:1      | Reached XP level 1. HP: 18/18 MP: 1/1
    59 | D:1      | Reached XP level 2. HP: 17/24 MP: 2/2
   119 | D:1      | Reached skill level 4 in Shields
   142 | D:1      | Reached XP level 3. HP: 24/29 MP: 3/3
   235 | D:1      | Found an iron altar of Okawaru.
  1091 | D:2      | Found a sacrificial altar of Ru.
  1123 | D:2      | Reached XP level 4. HP: 37/37 MP: 4/4
  1326 | D:2      | Found a hide-covered altar of Uskayaw.
  1390 | D:2      | Found a shimmering altar of Xom.
  1390 | D:2      | Found a shimmering altar of Xom.
  1391 | D:2      | Found a shimmering altar of Xom.
  1393 | D:2      | Found a shimmering altar of Xom.
  1394 | D:2      | Found a shimmering altar of Xom.
  1509 | D:2      | Reached XP level 5. HP: 35/42 MP: 5/5
  1562 | D:3      | Found a glowing silver altar of Zin.
  1595 | D:3      | Reached skill level 5 in Shields
  1719 | D:4      | Reached XP level 6. HP: 27/48 MP: 6/6
  2407 | D:4      | Found a shattered altar of Ashenzari.
  2429 | D:4      | Became a worshipper of Ashenzari the Shackled
  2485 | D:4      | Reached XP level 7. HP: 45/55 MP: 7/7
  2502 | D:4      | Noticed Natasha
  2548 | D:4      | Noticed Duvessa
  2602 | D:5      | Entered Level 5 of the Dungeon
  2628 | D:4      | Reached skill level 6 in Shields
  2892 | D:4      | Killed Natasha
  2926 | D:4      | Found a blossoming altar of Fedhas.
  2986 | D:4      | Noticed Dowan
  2998 | D:4      | Killed Dowan
  3002 | D:4      | Reached skill level 5 in Polearms
  3027 | D:4      | Reached XP level 8. HP: 53/61 MP: 8/8
  3197 | D:4      | Killed Duvessa
  3197 | D:4      | Reached skill level 5 in Fighting
  3197 | D:4      | Reached skill level 5 in Armour
  3197 | D:4      | Reached skill level 7 in Shields
  3316 | D:5      | Found a transporter.
  3589 | D:5      | You fall through a shaft!
  3992 | D:5      | Reached skill level 8 in Shields
  4037 | D:5      | Reached XP level 9. HP: 38/69 MP: 9/9
  4376 | D:5      | Found a transporter.
  4838 | D:6      | Found a stormy altar of Qazlal.
  4982 | D:6      | Found a staircase to the Ecumenical Temple.
  4988 | Temple   | Entered the Ecumenical Temple
  5351 | D:7      | Reached skill level 9 in Shields
  5410 | D:7      | Reached * piety under Ashenzari
  6399 | D:8      | Noticed a queen bee
  6441 | D:9      | Killed a queen bee
  6586 | D:9      | Reached XP level 10. HP: 10/77 MP: 10/10
  6589 | D:9      | HP: 7/77 [poisoned by a killer bee]
  6595 | D:9      | HP: 5/77 [poisoned by a killer bee]
  6601 | D:9      | HP: 5/77 [poisoned by a killer bee]
  6608 | D:9      | HP: 4/77 [poisoned by a killer bee]
  7010 | D:9      | Reached ** piety under Ashenzari
  7087 | D:9      | Noticed a cyan ugly thing
  7278 | D:10     | Entered Level 10 of the Dungeon
  7278 | D:10     | Noticed a two-headed ogre
  7279 | D:10     | Slain by a cyan ugly thing

Vault maps used:
D:1:      lightli_arrival_boilingwater, okawaru_ov_weapons_minmay
D:2:      xom_redecorated, nicolae_overflow_crystal_walls, old_standard_altar,
          first_ration
D:3:      lemuel_crystal_altar, serial_corexii_hall, corexii_hall_statues_x,
          corexii_hall_statues_i, corexii_hall_statues_x
D:4:      lemuel_crystal_altar, fedhas_altar_4, uniq_duvessa, uniq_natasha
D:5:      gammafunk_steamed_eel
D:6:      minmay_temple_entry_overgrown, grunt_qazlal_clouds
D:8:      overflow_temple_1_default, david_nohive_1, roderic_serpentine_path,
          lemuel_tele_altar
D:9:      david_orc_1_choice, glass_columns_a, kennysheep_generic_room_4
D:10:     nicolae_trove_entry_free_sample, minmay_misc_feat_diagonals
Temple:   regret_index_temple_generic_petals

Skill      XL: |  1  2  3  4  5  6  7  8  9 |
---------------+----------------------------+-----
Shields        | 4 5 6 8 9 |  9.8
Polearms       | 3 4 5 6 7 |  7.9
Fighting       | 4 5 6 |  6.7
Armour         | 4 5 6 |  6.7

Action                   |  1- 3 |  4- 6 |  7- 9 | 10-12 || total
-------------------------+-------+-------+-------+-------++-------
Melee: Trident           |   107 |   278 |   322 |       ||   707
       Halberd           |       |       |   142 |       ||   142
       Glaive            |       |       |    46 |    27 ||    73
Invok: Curse Item        |       |     2 |     1 |       ||     3
 Abil: Dig               |       |     1 |     1 |       ||     2
       Shaft Self        |       |       |     1 |       ||     1
  Use: Scroll            |       |     7 |     7 |     1 ||    15
       Potion            |       |       |     7 |       ||     7
  Eat: Chunk             |     1 |     4 |    10 |       ||    15
       Ration            |       |       |     1 |     1 ||     2
Armor: Scale mail        |    56 |       |       |       ||    56
       Chain mail        |     2 |   138 |   122 |    14 ||   276
       Plate armour      |       |     8 |   119 |       ||   127
Dodge: Dodged            |    49 |    82 |   128 |     8 ||   267
Block: Shield            |    60 |   163 |   297 |    23 ||   543

Table legend:
 A = Spawn XP
 B = Non-spawn XP
 C = Spawn XP percentage of total XP
 D = Spawn monster count
 E = Non-spawn monster count
 F = Spawn count percentage of total count
 G = Total turns spent on level
                    A         B        C        D         E        F      G
               +---------+---------+-------+---------+---------+-------+---------
         Total |       0 |    4130 |   0.0 |       0 |     197 |   0.0 |  7279
               +---------+---------+-------+---------+---------+-------+---------
           D:1 |       0 |      51 |   0.0 |       0 |      27 |   0.0 |   819
           D:2 |       0 |     105 |   0.0 |       0 |      24 |   0.0 |   714
           D:3 |       0 |     253 |   0.0 |       0 |      32 |   0.0 |   722
           D:4 |       0 |     773 |   0.0 |       0 |      25 |   0.0 |  1048
           D:5 |       0 |     568 |   0.0 |       0 |      28 |   0.0 |   818
           D:6 |       0 |     622 |   0.0 |       0 |      22 |   0.0 |  1016
           D:7 |       0 |    1038 |   0.0 |       0 |      30 |   0.0 |   988
           D:8 |       0 |     107 |   0.0 |       0 |       2 |   0.0 |   109
           D:9 |       0 |     613 |   0.0 |       0 |       7 |   0.0 |   834
               +---------+---------+-------+---------+---------+-------+---------
